Map: [ESL] Stargazers

Players

milkicow - Winner!

  • Race: Terran Terran
  • Spawn Location: 1:00

ArT

  • Race: Protoss Protoss
  • Spawn Location: 11:00

Event: DreamHack SC2 Masters 2022 Atlanta (Online)

VOD

Have the link to the VOD?

Description

Time

  • Played on: Oct. 4, 2022, 11:43 a.m.
  • Length: 14:16

All games in this series

Show
View Real Time Build Order
Export as new Build Order

milkicow Terran - Winner!

Build Orders: 1/1/1 

Get SALT Encoding   

  12  0:00  SCV  
  13  0:12  SCV  
  14  0:17  Supply Depot  
  14  0:24  SCV  
  15  0:38  SCV  
  15  0:40  Barracks  
  16  0:43  Refinery  
  16  0:51  SCV  
  16  0:53  Refinery  
  17  1:03  SCV  
  18  1:15  SCV  
  19  1:27  Reaper, Orbital Command  
  19  1:30  Supply Depot  
  20  1:41  Factory  
  20  1:53  SCV  
  21  1:59  Barracks Reactor  
  21  2:05  SCV  
  22  2:17  SCV  
  23  2:25  Starport  
  23  2:29  SCV  
  24  2:39  Widow Mine x2  
  24  2:40  Supply Depot  
  24  2:42  SCV  
  29  2:51  Command Center  
  29  2:54  SCV  
  30  3:01  Widow Mine  
  30  3:03  Medivac  
  34  3:07  Widow Mine  
  36  3:14  SCV  
  36  3:19  Armory  
  37  3:26  SCV  
  39  3:47  Barracks Tech Lab  
  39  3:52  Medivac  
  39  3:57  Command Center  
  39  4:01  SCV  
  36  4:10  Stimpack  
  38  4:12  Widow Mine x2  
  38  4:13  SCV  
  43  4:19  Orbital Command  
  43  4:25  SCV  
  43  4:28  Orbital Command  
  42  4:35  Widow Mine x2  
  42  4:37  SCV  
  45  4:49  SCV  
  46  4:58  Medivac, Widow Mine x2  
  50  5:01  SCV  
  50  5:02  SCV  
  48  5:09  Orbital Command  
  48  5:11  Barracks  
  48  5:13  SCV  
  47  5:14  SCV  
  47  5:15  Barracks  
  47  5:20  Widow Mine x2  
  50  5:25  SCV  
  50  5:26  Marine  
  50  5:27  SCV  
  53  5:30  Starport Reactor  
  53  5:35  SCV  
  54  5:38  SCV  
  54  5:39  SCV  
  60  5:43  Widow Mine x2  
  60  5:47  SCV  
  56  5:50  SCV  
  56  5:51  Engineering Bay, SCV  
  56  5:53  Engineering Bay  
  56  5:58  Combat Shield  
  56  5:59  SCV  
  56  6:02  SCV  
  56  6:03  Refinery, SCV  
  59  6:04  Supply Depot  
  59  6:07  Barracks Reactor x2, Marine  
  59  6:08  Widow Mine  
  59  6:11  Widow Mine  
  64  6:12  SCV  
  64  6:16  SCV  
  64  6:21  SCV  
  64  6:22  Terran Infantry Weapons Level 1  
  64  6:24  Refinery  
  64  6:25  Marine  
  62  6:28  Orbital Command  
  62  6:29  SCV  
  62  6:31  Supply Depot  
  63  6:33  SCV, Widow Mine x2  
  66  6:43  SCV, Marine  
  66  6:45  Marine x3  
  66  6:46  Marine  
  72  6:47  Barracks x2  
  72  6:51  SCV  
  73  6:56  Supply Depot, SCV  
  73  6:58  SCV  
  73  7:00  Widow Mine, Marine  
  80  7:01  Widow Mine  
  80  7:02  Marine  
  80  7:04  SCV  
  80  7:08  SCV  
  80  7:10  SCV  
  80  7:13  Marine x3  
  85  7:18  Supply Depot, SCV, Marine  
  85  7:21  SCV  
  88  7:24  Terran Infantry Armor Level 1  
  88  7:26  Medivac x2  
  93  7:30  SCV  
  93  7:31  Supply Depot  
  93  7:34  Widow Mine x2  
  93  7:35  Marine  
  93  7:36  SCV  
  93  7:37  Marauder  
  99  7:38  SCV, Marine  
  99  7:41  Barracks Tech Lab x2  
  101  7:45  SCV  
  101  7:47  Supply Depot  
  101  7:48  SCV  
  103  7:54  Marine  
  103  7:55  Widow Mine  
  103  7:56  SCV  
  103  7:57  Supply Depot, SCV  
  103  7:58  Marauder  
  110  8:00  Medivac x2  
  110  8:05  Marauder, Marine  
  115  8:08  SCV  
  115  8:12  Marine  
  118  8:13  SCV, Marauder, Marine  
  118  8:17  Ghost Academy  
  118  8:19  Marauder  
  122  8:20  Supply Depot  
  122  8:26  Marauder  
  118  8:28  Marine  
  118  8:29  SCV  
  118  8:31  Marine  
  123  8:34  Marauder  
  123  8:35  SCV  
  123  8:36  Marine  
  123  8:37  Widow Mine x2  
  123  8:38  SCV  
  123  8:41  Marauder, Marine  
  128  8:46  Viking x2, Bunker  
  133  8:48  Bunker  
  133  8:49  Ghost  
  133  8:54  Marine x2  
  133  8:55  Ghost  
  137  8:58  SCV  
  137  9:02  Marauder, Marine  
  141  9:07  Widow Mine  
  141  9:08  Supply Depot, Terran Infantry Weapons Level 2  
  141  9:09  Supply Depot  
  141  9:11  Widow Mine  
  142  9:18  Marauder  
  142  9:19  Marine  
  142  9:22  SCV  
  142  9:24  Marauder  
  146  9:25  Marauder, Marine  
  146  9:26  Marine  
  146  9:30  Marine  
  153  9:31  Medivac, Widow Mine  
  153  9:34  Refinery  
  153  9:35  Refinery  
  153  9:36  Supply Depot x2  
  153  9:37  Marine  
  154  9:40  Marauder  
  154  9:45  Marauder  
  150  9:46  Marauder  
  150  9:48  Marine  
  150  9:49  Marine  
  150  9:50  Terran Infantry Armor Level 2  
  150  9:53  Marine  
  150  9:56  Command Center  
  151  10:00  Missile Turret  
  151  10:01  Marauder, Marine  
  151  10:06  Marauder  
  156  10:08  Marauder, Marine  
  156  10:09  SCV  
  160  10:14  Marine  
  160  10:15  Widow Mine x2  
  160  10:16  SCV  
  165  10:22  Barracks  
  165  10:23  Barracks, Marauder  
  165  10:26  Marine  
  165  10:27  Barracks  
  165  10:28  Marauder  
  170  10:29  Marauder  
  170  10:33  Marine  
  170  10:34  SCV  
  170  10:35  SCV  
  175  10:37  Enhanced Shockwaves  
  175  10:38  Supply Depot  
  175  10:39  Terran Ship Weapons Level 1  
  175  10:42  Marine  
  176  10:43  Starport  
  176  10:44  Marauder  
  176  10:49  Marauder  
  172  10:51  Marauder  
  172  10:55  Marine x2  
  172  10:56  Marine  
  177  10:57  Widow Mine x2  
  177  10:58  Viking x2  
  177  11:05  Marauder  
  177  11:09  Marine  
  177  11:10  Marauder  
  165  11:12  Marauder  
  165  11:13  Marine x2  
  165  11:15  SCV x2  
  171  11:19  Barracks Tech Lab  
  171  11:20  Barracks Tech Lab x2  
  171  11:21  Marine  
  171  11:24  SCV  
  175  11:27  Terran Infantry Weapons Level 3, Marauder  
  175  11:32  Marauder  
  177  11:33  Command Center  
  177  11:35  Marine  
  177  11:36  Marauder  
  180  11:42  Ghost  
  181  11:50  Marauder, Marine  
  178  11:58  Marine x2  
  178  11:59  Marauder x3, Marine  
  176  12:02  Marauder  
  176  12:07  Marine  
  172  12:11  Viking x2, Marine  
  172  12:12  Marauder  
  175  12:16  Marine x2  
  175  12:19  Marine  
  175  12:20  Marauder  
  164  12:24  Marine  
  164  12:25  Marauder, Marine  
  164  12:26  Marauder  
  164  12:27  SCV  
  164  12:37  Marauder, Marine  
  166  12:38  SCV  
  166  12:41  SCV  
  169  12:47  Ghost  
  169  12:48  Missile Turret x2  
  169  12:49  Ghost  
  173  12:51  Medivac, Marine  
  173  12:52  Marauder  
  173  12:55  Ghost  
  180  12:59  Ghost  
  180  13:03  Ghost  
  180  13:04  Marine  
  185  13:12  Ghost  
  185  13:19  Marauder, Marine  
  186  13:28  Marine  
  186  13:29  Marauder x2, Marine  
  186  13:30  Marine  
  186  13:31  Marauder  
  186  13:32  Marauder  
  163  13:37  Marine  
  163  13:41  SCV, Marauder, Marine  
  156  13:43  SCV  
  156  13:46  Marine  
  156  13:47  Marine  
  156  13:48  Marine  
  152  13:50  Marauder  
  152  13:51  Marauder  
  152  13:53  Marine  
  152  13:54  Marauder  
  152  13:55  SCV  
Show
View Real Time Build Order
Export as new Build Order

ArT Protoss 

Build Orders: 1 Gate Expand, Phoenix Opening, Colossus Rush 

Get SALT Encoding   

  12  0:00  Probe  
  13  0:12  Probe  
  14  0:17  Pylon  
  14  0:24  Probe (Chrono Boost)  
  15  0:36  Gateway  
  15  0:37  Probe (Chrono Boost)  
  16  0:44  Probe (Chrono Boost)  
  16  0:45  Assimilator  
  17  0:51  Probe  
  18  1:03  Probe  
  19  1:15  Probe  
  20  1:23  Cybernetics Core  
  20  1:34  Nexus  
  20  1:37  Probe  
  21  1:43  Pylon  
  21  1:49  Probe  
  21  1:52  Assimilator  
  22  1:58  Adept (Chrono Boost)  
  22  2:01  Probe  
  25  2:13  Probe  
  25  2:15  Stargate  
  26  2:18  Adept (Chrono Boost)  
  28  2:25  Probe  
  29  2:31  Warp Gate  
  29  2:37  Probe  
  30  2:45  Adept, Probe  
  30  2:49  Probe  
  34  2:58  Phoenix (Chrono Boost), Probe  
  35  3:01  Probe  
  38  3:10  Probe, Pylon  
  38  3:12  Shield Battery  
  39  3:15  Probe  
  29  3:20  Phoenix (Chrono Boost)  
  40  3:25  Probe  
  43  3:27  Probe  
  44  3:37  Probe  
  44  3:39  Probe  
  46  3:42  Phoenix  
  46  3:48  Assimilator  
  48  3:49  Probe  
  48  3:51  Robotics Facility, Probe  
  50  3:55  Assimilator  
  50  4:01  Probe  
  50  4:02  Pylon  
  51  4:03  Probe  
  51  4:06  Forge  
  51  4:07  Phoenix (Chrono Boost)  
  54  4:17  Pylon  
  54  4:20  Probe  
  54  4:23  Adept  
  55  4:28  Probe  
  56  4:33  Probe  
  57  4:39  Photon Cannon  
  57  4:41  Observer (Chrono Boost)  
  57  4:42  Photon Cannon  
  58  4:48  Probe  
  58  4:51  Probe  
  58  5:04  Robotics Bay  
  48  5:08  Probe (Chrono Boost)  
  48  5:12  Probe (Chrono Boost)  
  50  5:15  Protoss Ground Weapons Level 1  
  50  5:19  Probe (Chrono Boost)  
  52  5:22  Probe (Chrono Boost)  
  52  5:23  Observer  
  54  5:28  Probe (Chrono Boost)  
  54  5:32  Observer, Probe (Chrono Boost)  
  55  5:37  Probe (Chrono Boost)  
  55  5:38  Probe (Chrono Boost)  
  57  5:46  Probe  
  57  5:47  Nexus, Observer  
  57  5:49  Pylon  
  58  5:50  Probe  
  59  5:57  Colossus (Chrono Boost)  
  66  6:04  Probe x2  
  67  6:12  Twilight Council  
  67  6:21  Probe  
  67  6:23  Probe  
  68  6:28  Extended Thermal Lance  
  68  6:33  Probe  
  68  6:35  Probe  
  68  6:37  Shield Battery  
  70  6:41  Colossus (Chrono Boost)  
  76  6:48  Probe  
  76  6:52  Charge  
  76  6:54  Observer, Probe  
  78  6:56  Probe  
  78  6:59  Probe  
  80  7:04  Observer  
  80  7:05  Probe  
  80  7:06  Probe  
  81  7:12  Probe  
  81  7:14  Observer  
  83  7:16  Sentry, Gateway  
  83  7:18  Gateway, Probe  
  83  7:19  Probe  
  87  7:25  Colossus (Chrono Boost)  
  93  7:35  Pylon  
  93  7:38  Protoss Ground Weapons Level 2  
  93  7:48  Pylon  
  93  7:50  Pylon  
  93  7:52  Pylon  
  93  7:53  Probe x2  
  93  7:55  Sentry  
  93  7:57  Observer  
  97  7:59  Gateway  
  97  8:00  Probe, Gateway  
  97  8:05  Probe x2, Pylon  
  99  8:11  Observer x2  
  99  8:12  Probe  
  101  8:15  Warp Prism  
  103  8:31  Blink (Chrono Boost)  
  103  8:33  Stalker x3  
  103  8:35  Probe x2  
  103  8:37  Probe  
  98  8:47  Probe  
  99  8:51  Probe  
  99  8:54  Disruptor (Chrono Boost)  
  100  9:00  Gateway  
  100  9:01  Photon Cannon, Assimilator  
  103  9:03  Nexus, Gateway  
  103  9:05  Assimilator  
  103  9:11  Zealot x5  
  112  9:21  Probe  
  113  9:27  Nexus  
  113  9:29  Disruptor  
  113  9:30  Observer  
  114  9:33  Stalker, Pylon  
  116  9:40  Pylon  
  116  9:43  Pylon  
  116  9:48  Stalker  
  116  9:52  Probe  
  117  9:55  Probe  
  117  9:57  Pylon  
  118  10:03  Pylon  
  118  10:05  Shield Battery, Photon Cannon  
  118  10:06  Zealot x4, Observer, Stalker  
  128  10:07  Stalker  
  128  10:09  Disruptor (Chrono Boost)  
  133  10:19  Probe  
  134  10:23  Pylon  
  134  10:28  Observer  
  134  10:31  Probe  
  134  10:32  Zealot x5  
  145  10:36  Gateway  
  143  10:51  Stalker x2  
  143  10:54  Zealot, Stalker x4  
  141  11:09  Warp Prism (Chrono Boost)  
  139  11:15  Robotics Facility  
  139  11:17  Stalker x3  
  139  11:18  Observer  
  145  11:21  Templar Archives  
  145  11:28  Photon Cannon  
  145  11:34  Zealot, Sentry  
  145  11:35  Zealot x3  
  145  11:38  Observer  
  155  11:41  Zealot x2  
  134  12:03  Zealot x5  
  134  12:04  Zealot  
  123  12:25  Observer  
  120  12:30  Stalker x4  
  120  12:32  Probe  
  120  12:35  Gateway  
  124  12:38  Gateway  
  124  12:46  Nexus  
  124  12:47  Pylon  
  124  12:49  Immortal (Chrono Boost), Pylon  
  122  12:54  High Templar  
  122  12:55  High Templar x2  
  132  13:00  Archon  
  132  13:12  Assimilator  
  132  13:13  Pylon  
  132  13:16  Pylon  
  129  13:20  Observer  
  119  13:29  Zealot x4  
  119  13:32  Zealot x2  
  107  13:45  Shield Battery, Zealot  
  107  13:46  Shield Battery  
  108  13:58  Zealot x4  
  108  14:08  Zealot x2  
Tags
 
Add a new tag
Caveats
  • Supply blocks, unpowered buildings, or Contaminate may cause inaccurate times.
  • Supply counts are checked every 10 seconds.